 Dungeon Crawl Stone Soup version 0.31-a0-543-geaa9c7a2c0 (webtiles) character file.

Game seed: 11020200655471765095

42 Ethylacetat the Insei (level 3, 0/25 HPs)
             Began as an Octopode Gladiator on Aug 15, 2023.
             Slain by Grinder (1 damage)
             ... on level 3 of the Dungeon.
             The game lasted 00:02:42 (1703 turns).

Ethylacetat the Insei (Octopode Gladiator)          Turns: 1703, Time: 00:02:43

Health: 0/25       AC:  1    Str: 13    XL:     3   Next: 56%
Magic:  3/3        EV: 14    Int: 10    God:
Gold:   37         SH:  0    Dex: 15    Spells: 2/2 levels left

rFire   . .          .
                       - Unarmed
rCold   . . .        (no shield)
rNeg    + . .        a - +0 hat
rPois   .            (no amulet)
rElec   .            l - ring of positive energy
rCorr   .            (no ring)
SInv    .            (no ring)
Will    .....        (no ring)
Stlth   ++           (no ring)
HPRegen 0.24/turn    (no ring)
MPRegen 0.08/turn    (no ring)
                     (no ring)

%: no passive effects
@: mighty, attractive, hasted, very quick
A: almost no armour, amphibious, 8 rings, camouflage 1, gelatinous body 1,
(nimble swimmer 1), tentacles
a: no special abilities


You were on level 3 of the Dungeon.
You visited 1 branch of the dungeon, and saw 3 of its levels.

You collected 37 gold pieces.

Inventory:

Missiles
 b - 4 throwing nets (quivered)
 c - a javelin
Armour
 a - a +0 hat (worn)
Magical Staves
 m - a staff of cold
Jewellery
 l - a ring of positive energy (left tentacle)
 n - a ring of resist corrosion
 o - a +4 ring of protection
Scrolls
 h - 3 scrolls of teleportation {unknown}
 i - a scroll of butterflies {unknown}
 j - 2 scrolls of fog {unknown}
 k - 2 scrolls of blinking {unknown}
Potions
 g - a potion of attraction


   Skills:
 + Level 2.7 Fighting
 + Level 0.1 Staves
 - Level 2.0 Throwing
 + Level 3.5 Dodging
 - Level 3.5 Unarmed Combat
 + Level 0.0 Spellcasting
 * Level 0.1 Ice Magic


You had 2 spell levels left.
You didn't know any spells.
Your spell library contained the following spells:

 Spells                   Type           Power      Damage    Failure   Level
 Freeze                   Ice            0%         1d3       34%         1
 Frozen Ramparts          Ice            0%         1d1       71%         3
 Hailstorm                Conj/Ice       0%         3d3       73%         3


Dungeon Overview and Level Annotations

Branches:
Dungeon (3/15)

Altars:

Annotations:
D:3 Grinder


Innate Abilities, Weirdness & Mutations

You cannot wear most types of armour.
You are amphibious.
You can wear up to eight rings at the same time.
Your skin changes colour to match your surroundings (Stealth+).
Your rubbery body absorbs attacks. (AC +1, EV +1)
((You are camouflaged when in or above water. (Stealth+)))
You have tentacles for arms and can constrict up to eight enemies at once.


Message History

You closely miss Grinder. Your grab misses Grinder. Grinder gestures at you.
You suddenly lose the ability to move!
Grinder hits you.
You writhe in agony.
Grinder says, "FISH!"
Grinder hits you!
* * * LOW HITPOINT WARNING * * *
You writhe in agony.
* * * LOW HITPOINT WARNING * * *
You can move again.
You feel better.
It was a potion of might.
You feel very mighty all of a sudden. Grinder barely misses you.
You tentacle-slap Grinder. Your grab misses Grinder.
Your squeeze misses Grinder.
Grinder is lightly wounded.
You closely miss Grinder. You grab Grinder.
Grinder is lightly wounded.
You constrict Grinder, but do no damage.
Grinder struggles to blink free from constriction.
You barely miss Grinder. You tentacle-slap Grinder!
Your squeeze misses Grinder.
Grinder is moderately wounded.
You constrict Grinder. Grinder hits you.
You tentacle-slap Grinder.
Grinder is moderately wounded.
You constrict Grinder. You barely miss Grinder.
Grinder is moderately wounded.
You constrict Grinder, but do no damage.
Grinder hits you!
* * * LOW HITPOINT WARNING * * *
Unknown command.
It was a potion of attraction.
You feel attractive to monsters.
You constrict Grinder. Grinder hits you.
* * * LOW HITPOINT WARNING * * *
You writhe in agony.
You die...

#<# #.# #.#
#.# #
########.#
#.#.....##.#
#..........#
##.....####
#.5@.$#
#.....#
#.....#
....####
#.##.. # #.#
#. #.


You could see Grinder.

Vanquished Creatures
  An adder (D:2)
  A dart slug (D:1)
  4 bats (D:1)
  2 endoplasms
  4 giant cockroaches
  3 goblins
  2 hobgoblins (D:2)
  4 kobolds (D:1)
  3 ball pythons
  3 frilled lizards
  2 rats (D:1)
29 creatures vanquished.

Notes
Turn   | Place    | Note
-------+----------+-------------------------------------------
     0 | D:1      | Ethylacetat the Octopode Gladiator began the quest for the
                  | Orb.
     0 | D:1      | Reached XP level 1. HP: 14/14 MP: 1/1
   157 | D:1      | Reached XP level 2. HP: 14/19 MP: 2/2
   849 | D:2      | Reached XP level 3. HP: 25/25 MP: 3/3
  1681 | D:3      | Noticed Grinder
  1684 | D:3      | Paralysed by Grinder for 4 turns
  1693 | D:3      | Paralysed by Grinder for 2 turns
  1703 | D:3      | HP: 1/25 [Grinder (1)]
  1703 | D:3      | Slain by Grinder

Illustrated notes

Levels and vault maps discovered:
D:1:      sevenhm_arrival_forest_fort_large_2, layout_basic
D:2:      mumra_celtic_spiral_tile, layout_basic
D:3:      layout_basic, due_unseen_surprise, uniq_grinder, uniq_pargi

Action                     || total
---------------------------++-------
  Melee: Unarmed           ||    47
         Constrict         ||    13
         Tentacles         ||    10
         Staff             ||     7
         Punch             ||     2
    Use: Potion            ||     5
   Stab: Distracted        ||     1
         Sleeping          ||     7
 Armour: Skin              ||     7
  Dodge: Dodged            ||    25

Table legend: (Time is in decaauts)
 A = Elapsed time spent in this place.
 B = Non-inter-level travel time spent in this place.
 C = Inter-level travel time spent in this place.
 D = Time resting spent in this place.
 E = Time spent auto-exploring this place.
 F = Levels seen in this place.
 G = Mean time per level.
                   A        B        C        D        E       F      G
               +--------+--------+--------+--------+--------+-----+--------+
         Total |   1697 |   1616 |     81 |      0 |   1424 |   3 |  565.7 |
       Dungeon |   1697 |   1616 |     81 |      0 |   1424 |   3 |  565.7 |
               +--------+--------+--------+--------+--------+-----+--------+

Top non-repeatable levels by time:
     D:2: 850 daAuts
     D:1: 822 daAuts
     D:3: 24 daAuts
